Map: 애씨드 플랜트 - 래더

Players

Ryung

  • Race: Terran Terran
  • Spawn Location: 11:00

Cure - Winner!

  • Race: Terran Terran
  • League: Master
  • Spawn Location: 5:00

VOD

Have the link to the VOD?

Description

Time

  • Played on: June 26, 2018, 6:40 a.m.
  • Length: 7:59
Show
View Real Time Build Order
Export as new Build Order

Ryung Terran 

Build Orders: Reaper Expand 

Get SALT Encoding   

  12  0:00  SCV  
  13  0:13  SCV  
  14  0:17  Supply Depot  
  14  0:25  SCV  
  15  0:38  SCV  
  15  0:41  Barracks  
  16  0:44  Refinery  
  16  0:50  SCV  
  17  1:03  SCV  
  18  1:15  SCV  
  19  1:28  Orbital Command, Reaper  
  20  1:44  Command Center  
  20  1:54  SCV  
  20  1:56  Supply Depot  
  20  2:00  Reaper  
  22  2:05  Refinery  
  22  2:06  SCV  
  22  2:19  SCV  
  23  2:23  Factory  
  23  2:31  SCV  
  24  2:37  Barracks Reactor  
  24  2:43  SCV  
  25  2:55  SCV  
  25  2:56  Orbital Command  
  26  3:06  Cyclone  
  29  3:14  Command Center  
  29  3:18  SCV  
  30  3:24  SCV  
  31  3:31  SCV  
  31  3:36  SCV  
  31  3:38  Starport  
  31  3:39  Barracks Tech Lab  
  32  3:43  SCV  
  32  3:48  SCV, Hellion x2  
  37  3:54  Supply Depot  
  37  3:55  SCV  
  39  4:00  SCV  
  40  4:05  Refinery  
  40  4:06  Refinery  
  40  4:12  Hellion  
  40  4:13  SCV x2, Hellion  
  46  4:25  Engineering Bay  
  46  4:29  Raven  
  46  4:30  Orbital Command  
  48  4:32  SCV  
  48  4:34  SCV  
  50  4:42  Cyclone  
  53  4:48  Cyclone  
  53  4:52  Missile Turret  
  56  4:54  SCV  
  56  4:56  SCV  
  56  4:58  SCV  
  58  5:06  SCV  
  55  5:08  SCV  
  55  5:10  SCV  
  54  5:18  Raven  
  54  5:19  SCV  
  54  5:20  SCV  
  58  5:22  SCV  
  58  5:28  Barracks Reactor  
  59  5:31  SCV  
  59  5:32  SCV  
  59  5:34  SCV  
  62  5:39  Armory  
  62  5:40  Armory  
  62  5:43  SCV  
  62  5:44  SCV  
  62  5:46  SCV  
  62  5:49  Supply Depot  
  65  5:52  Supply Depot  
  62  5:59  SCV x2  
  62  6:00  SCV  
  63  6:08  Raven  
  63  6:11  Cyclone  
  66  6:14  Cyclone  
  69  6:20  SCV x3  
  72  6:32  SCV x3  
  75  6:38  Factory  
  75  6:43  Factory  
  75  6:44  Orbital Command  
  75  6:45  Supply Depot  
  75  6:46  Hellion  
  77  6:47  Hellion  
  77  6:50  SCV  
  77  6:51  SCV  
  81  7:05  SCV x2  
  82  7:11  SCV  
  83  7:17  SCV x2  
  83  7:19  Cyclone x2  
  83  7:21  Supply Depot  
  91  7:23  SCV  
  91  7:24  Supply Depot x2  
  91  7:26  Refinery  
  91  7:28  Refinery  
  91  7:29  SCV  
  93  7:42  SCV x2  
  93  7:43  SCV  
  91  7:50  Factory Tech Lab  
Show
View Real Time Build Order
Export as new Build Order

Cure Terran - Winner!

Build Orders: Reaper Expand, Banshee Rush 

Get SALT Encoding   

  12  0:00  SCV  
  13  0:12  SCV  
  14  0:17  Supply Depot  
  14  0:24  SCV  
  15  0:39  SCV  
  15  0:40  Barracks  
  16  0:43  Refinery  
  16  0:51  SCV  
  17  1:03  SCV  
  18  1:15  SCV  
  19  1:27  Orbital Command, Reaper  
  20  1:53  Command Center  
  21  1:54  SCV  
  21  1:59  Supply Depot, Marine  
  22  2:06  SCV  
  22  2:08  Factory  
  23  2:16  Refinery  
  23  2:20  SCV  
  23  2:21  Marine  
  25  2:28  Bunker  
  25  2:33  SCV  
  26  2:39  Marine  
  27  2:45  SCV  
  28  2:52  Starport, Factory Tech Lab  
  28  2:57  SCV, Marine  
  30  3:06  Orbital Command  
  30  3:09  SCV  
  31  3:14  Marine  
  31  3:15  Factory Tech Lab  
  32  3:21  SCV  
  33  3:33  SCV  
  37  3:34  SCV  
  37  3:35  Barracks Reactor  
  37  3:37  Cloaking Field  
  37  3:38  Banshee  
  37  3:45  SCV  
  37  3:46  SCV  
  39  3:49  Supply Depot  
  39  3:57  SCV  
  39  3:58  Siege Tank, SCV  
  39  4:01  Supply Depot  
  44  4:09  SCV  
  45  4:10  SCV  
  45  4:11  Marine  
  45  4:12  Marine  
  48  4:17  Command Center  
  48  4:21  Banshee  
  48  4:23  SCV x2  
  53  4:31  Marine x2  
  53  4:35  SCV x2  
  53  4:37  Refinery  
  57  4:39  Refinery, Supply Depot  
  57  4:40  Siege Tank  
  60  4:47  SCV x2  
  62  4:53  Supply Depot  
  62  5:00  Marine x2  
  62  5:01  SCV x2  
  66  5:13  SCV x2, Raven  
  70  5:18  Marine x2  
  70  5:20  Engineering Bay  
  69  5:22  Engineering Bay  
  69  5:25  SCV x2  
  71  5:30  Orbital Command  
  71  5:32  Barracks  
  71  5:33  Barracks  
  71  5:36  Marine x2  
  71  5:38  Siege Tank  
  71  5:42  SCV x2  
  78  5:47  Terran Infantry Weapons Level 1  
  78  5:49  Terran Infantry Armor Level 1  
  78  5:59  SCV x2  
  78  6:01  Marine  
  78  6:02  Barracks  
  78  6:03  Barracks, Marine  
  82  6:07  Starport Reactor  
  82  6:11  SCV x2  
  81  6:16  Supply Depot, Orbital Command  
  81  6:17  Supply Depot  
  84  6:18  Marine  
  84  6:21  Marine  
  84  6:23  SCV x2  
  85  6:26  Factory Tech Lab  
  85  6:27  Marauder x2  
  89  6:34  Missile Turret x2  
  89  6:35  SCV x2  
  89  6:36  Marine  
  89  6:39  Supply Depot, Marine  
  93  6:41  Supply Depot  
  93  6:42  SCV  
  93  6:47  Medivac x2  
  96  6:48  Marauder x2  
  104  6:55  Barracks Reactor, Barracks Tech Lab  
  104  6:56  Marine x2  
  104  6:58  SCV x2  
  104  6:59  SCV  
  108  7:03  Supply Depot  
  108  7:10  SCV x2  
  108  7:11  SCV  
  111  7:16  Armory  
  111  7:20  Marauder x3, Marine x2  
  116  7:23  Refinery, SCV x2  
  116  7:24  SCV  
  116  7:29  Refinery  
  119  7:31  Supply Depot  
  119  7:33  Supply Depot  
  123  7:38  SCV x3  
Tags
 
Add a new tag
Caveats
  • Supply blocks, unpowered buildings, or Contaminate may cause inaccurate times.
  • Supply counts are checked every 10 seconds.